AoeStats
← garbagekingduki

Migration

510252368Analyzed
1v1 RM · 2d ago on Sep 30, 2026· 35m 54s· 2 players
Game mode
Random Map
Map size
132×132
Population
200
Speed
Normal
Resources
Standard
Victory
Conquest
Starting age
Dark Age
Ending age
Imperial Age
RankedLock teamsTeams togetherTeam positionsShared explorationLock speedFull tech treeHidden civsTurbo modeCheats
Victory
Defeat
🇲🇽 Turks · Mexico
1020
+16
🇺🇸 Varangians · United States
1015
-16
garbagekingduki
13:44 Feudal Age
18:44 Castle Age
23:59 Loom
26:55 Medium Warships
30:46 Double-Bit Axe
30:56 Gold Mining
Dr. Tonny
4:49 Loom
11:41 Feudal Age
12:25 Double-Bit Axe
12:33 Town Watch
20:57 Castle Age
19:19 Horse Collar
23:43 Wheelbarrow
27:12 Medium Warships
33:37 Imperial Age
Connection lost

Rejoining the realm…

Still unreachable

The connection could not be restored.

Session expired

The server has moved on; the page needs a fresh start.